AoeStats
← Jazzmushroom

Fortress

508568487Analyzed
4v4 RM · 10d ago on Sep 23, 2026· 44m 52s· 8 players
Game mode
Random Map
Map size
Huge
Population
200
Speed
Normal
Resources
Standard
Victory
Conquest
Starting age
Dark Age
Ending age
Imperial Age
RankedLock teamsTeams togetherTeam positionsShared explorationLock speedFull tech treeHidden civsTurbo modeCheats
Victory
Defeat
🇺🇸 Khmer · United States
1325
+19
🇺🇸 Hindustanis · United States
1285
+20
🇺🇸 Varangians · United States
1281
+21
🇺🇸 Burgundians · United States
1246
+21
🇮🇳 Saxons · India
1579
-28
🇨🇦 Shu · Canada
1405
-21
🇨🇦 Goths · Canada
1299
-17
🇨🇦 Georgians · Canada
1260
-15
APPM
8:06 Feudal Age
10:46 Castle Age
9:05 Double-Bit Axe
9:13 Horse Collar
11:44 Bow Saw
12:32 Heavy Plow
17:10 Wheelbarrow
17:42 Loom
18:07 Stone Mining
18:08 Gold Mining
20:04 Hand Cart
21:33 Gold Shaft Mining
22:41 Bloodlines
22:32 Husbandry
23:21 Stone Shaft Mining
23:07 Scale Barding Armor
26:51 Imperial Age
25:35 Chain Barding Armor
26:03 Town Watch
25:48 Light Cavalry
26:40 Forging
28:02 Iron Casting
26:58 Hussar
28:33 Plate Barding Armor
28:57 Conscription
32:18 Blast Furnace
31:57 Ballistics
32:37 Chemistry
31:43 Siege Engineers
32:48 Conscription
33:26 Elite Ballista Elephant
34:08 Double Crossbow
34:10 Fletching
35:40 Bodkin Arrow
38:31 Bracer
Jazzmushroom
7:05 Feudal Age
10:06 Loom
10:14 Horse Collar
12:48 Castle Age
10:40 Double-Bit Axe
13:06 Wheelbarrow
13:50 Bow Saw
13:42 Heavy Plow
15:25 Stone Mining
19:57 Hand Cart
19:59 Gold Mining
21:42 Town Watch
22:10 Forging
22:01 Scale Mail Armor
25:43 Imperial Age
23:40 Squires
23:30 Gambesons
24:27 Iron Casting
23:54 Arson
26:04 Chain Mail Armor
26:02 Gothikon
28:14 Crop Rotation
28:09 Elite Varangian Guard
29:11 Conscription
30:02 Plate Mail Armor
32:30 Blast Furnace
39:21 Caravan
42:08 Elite Jarl
43:01 Scale Barding Armor
ForseenCow
8:19 Feudal Age
9:32 Double-Bit Axe
12:07 Castle Age
9:57 Horse Collar
15:06 Husbandry
16:23 Loom
19:03 Husbandry
21:14 Bloodlines
22:14 Wheelbarrow
24:42 Imperial Age
23:35 Scale Barding Armor
23:40 Forging
23:06 Light Cavalry
25:18 Chain Barding Armor
25:02 Heavy Camel Rider
25:03 Hussar
28:05 Town Watch
29:29 Bow Saw
31:43 Plate Barding Armor
31:43 Iron Casting
31:24 Imperial Camel Rider
34:19 Chemistry
35:03 Shatagni
35:23 Conscription
36:58 Caravan
39:04 Padded Archer Armor
40:04 Blast Furnace
38:55 Fletching
39:07 Gold Mining
39:22 Grand Trunk Road
42:46 Leather Archer Armor
42:26 Bodkin Arrow
43:12 Thumb Ring
bailey
2:12 Double-Bit Axe
2:59 Horse Collar
7:19 Feudal Age
11:13 Castle Age
9:57 Bow Saw
10:10 Heavy Plow
12:57 Gold Mining
14:52 Two-Man Saw
20:10 Wheelbarrow
20:29 Loom
21:35 Hand Cart
25:31 Imperial Age
22:48 Loom
23:44 Scale Barding Armor
23:54 Treadmill Crane
24:25 Fortified Wall
23:44 Cavalier
24:24 Husbandry
24:46 Chain Barding Armor
24:37 Forging
26:15 Crop Rotation
26:22 Gold Shaft Mining
25:38 Stone Mining
27:01 Plate Barding Armor
27:02 Iron Casting
25:51 Paladin
27:57 Chemistry
29:09 Blast Furnace
30:00 Stone Shaft Mining
33:32 Fletching
34:03 Ballistics
33:47 Padded Archer Armor
37:14 Caravan
38:08 Leather Archer Armor
37:48 Bodkin Arrow
38:23 Pikeman
39:03 Squires
39:07 Bracer
39:07 Scale Mail Armor
41:20 Chain Mail Armor
42:17 Bombard Tower
42:08 Masonry
42:06 Murder Holes
43:22 Plate Mail Armor
a7xbast
7:54 Feudal Age
9:01 Double-Bit Axe
12:04 Castle Age
9:56 Double-Bit Axe
10:35 Loom
10:33 Horse Collar
17:50 Wheelbarrow
18:14 Bow Saw
20:51 Hand Cart
21:00 Scale Mail Armor
21:11 Forging
20:35 Pikeman
21:48 Heavy Plow
22:41 Squires
27:12 Imperial Age
26:00 Anarchy
26:20 Chain Mail Armor
26:40 Iron Casting
26:11 Man-at-Arms
27:06 Gold Mining
27:13 Long Swordsman
27:18 Elite Huskarl
28:27 Conscription
28:50 Crop Rotation
29:25 Two-Man Saw
28:41 Stone Mining
29:30 Perfusion
30:39 Blast Furnace
30:14 Caravan
29:53 Halberdier
29:55 Two-Handed Swordsman
34:50 Capped Ram
39:28 Fletching
39:39 Padded Archer Armor
40:08 Champion
41:20 Elite Skirmisher
42:14 Bodkin Arrow
42:35 Leather Archer Armor
43:26 Bracer
FGD
7:53 Feudal Age
11:49 Castle Age
9:50 Double-Bit Axe
9:49 Horse Collar
15:06 Bow Saw
18:12 Wheelbarrow
19:45 Gold Mining
20:08 Fletching
21:11 Hand Cart
20:42 Loom
22:36 Guard Tower
22:48 Town Watch
23:15 Heavy Plow
23:25 Bodkin Arrow
24:40 Ballistics
24:02 Treadmill Crane
25:01 Stone Mining
25:30 Svan Towers
25:44 Masonry
29:22 Imperial Age
26:54 Town Patrol
26:52 Pikeman
28:40 Stone Shaft Mining
28:45 Forging
28:36 Scale Mail Armor
29:26 Onager
30:09 Bracer
30:49 Keep
30:50 Halberdier
31:30 Squires
33:00 Chemistry
31:46 Arrowslits
32:08 Siege Engineers
32:34 Architecture
33:21 Iron Casting
33:02 Chain Mail Armor
33:16 Murder Holes
33:32 Fortified Wall
34:26 Conscription
34:04 Siege Onager
35:58 Bloodlines
35:49 Husbandry
35:39 Light Cavalry
37:45 Blast Furnace
36:28 Hussar
38:33 Scale Barding Armor
Masp
0:32 Loom
7:45 Feudal Age
9:05 Town Watch
12:36 Castle Age
16:16 Double-Bit Axe
20:51 Imperial Age
18:45 Fletching
19:53 Bodkin Arrow
19:22 Crossbowman
22:07 Bracer
27:00 Thumb Ring
30:26 Arbalester
32:11 Chemistry
31:32 Ballistics
34:05 Wheelbarrow
35:53 Caravan
37:18 Hoardings
37:05 Conscription
36:35 Onager
37:59 Bolt Magazine
39:47 Siege Engineers
40:01 Bolt Magazine
42:37 Conscription
43:41 Bow Saw
NotATeamPlayer
7:05 Feudal Age
8:47 Double-Bit Axe
11:35 Castle Age
10:06 Horse Collar
10:17 Gold Mining
12:32 Bow Saw
13:58 Wheelbarrow
18:32 Loom
22:29 Town Watch
23:00 Hand Cart
26:06 Imperial Age
23:38 Scale Mail Armor
23:49 Forging
25:05 Squires
24:50 Gambesons
25:21 Chain Mail Armor
25:56 Gold Shaft Mining
25:12 Stone Mining
27:18 Plate Mail Armor
27:24 Iron Casting
26:10 Shield Wall
27:10 Conscription
26:55 Elite Varangian Guard
27:21 Arson
27:42 Scale Barding Armor
31:54 Murder Holes
33:00 Chemistry
35:05 Coinage
37:45 Fletching
37:55 Padded Archer Armor
38:28 Bodkin Arrow
39:00 Ballistics
39:12 Banking
38:32 Heavy Mounted Crossbowman
38:33 Cranequins
39:29 Leather Archer Armor
39:44 Bracer
Connection lost

Rejoining the realm…

Still unreachable

The connection could not be restored.

Session expired

The server has moved on; the page needs a fresh start.